 Dungeon Crawl Stone Soup version 0.30-a0-279-g4b46babb21 (webtiles) character file.

Game seed: 10377109493847222425

571 hikkokomori the Chopper (level 7, -1/40 (44) HPs)
             Began as a Tengu Berserker on Oct 17, 2022.
             Was a Priest of Trog.
             Slain by a wight
             ... wielding a +4 great sword
              (3 damage)
             ... on level 8 of the Dungeon.
             The game lasted 00:03:41 (3719 turns).

hikkokomori the Chopper (Tengu Berserker)           Turns: 3719, Time: 00:03:42

HP:   -1/40 (44)    AC:  3    Str: 19    XL:     7   Next: 34%
MP:   8/8           EV: 15    Int:  7    God:    Trog [***...]
Gold: 207           SH:  0    Dex: 14    Spells: 6/6 levels left

rFire   . . .      SeeInvis .    a - +1 hand axe
rCold   . . .      Faith    .    (no shield)
rNeg    . . .      Spirit   .    h - +0 leather armour
rPois   .          Reflect  .    (helmet restricted)
rElec   .          Harm     .    (no cloak)
rCorr   .          Rampage  .    (no gloves)
Will    .....                    (boots unavailable)
Stlth   +.........               (no amulet)
HPRegen 0.26/turn                (no ring)
MPRegen 0.11/turn                (no ring)

@: on berserk cooldown, flying quickly and evasively, slowed, drained, very slow
A: beak, talons 3, nimble flight
a: Renounce Religion, Berserk, Trog's Hand


You were on level 8 of the Dungeon.
You worshipped Trog.
Trog was most pleased with you.
You visited 1 branch of the dungeon, and saw 6 of its levels.

You collected 207 gold pieces.

Inventory:

Hand Weapons
 a - a +1 hand axe (weapon)
 s - a +2 flail of freezing
Missiles
 d - 2 throwing nets (quivered)
Armour
 b - a +0 animal skin
 h - a +0 leather armour (worn)
Wands
 c - a wand of acid (4)
 p - a wand of flame (22)
Scrolls
 g - a scroll of teleportation
 l - a scroll of fear {unknown}
 m - a scroll of butterflies
 n - a scroll of amnesia {unknown}
 q - 2 scrolls of noise {unknown}
Potions
 e - a potion of flight
 f - a potion of degeneration
 i - a potion of magic
 j - 5 potions of attraction
 k - 3 potions of lignification
 o - a potion of haste {unknown}
 r - a potion of berserk rage {unknown}


   Skills:
 * Level 5.3 Fighting
 * Level 5.8 Axes
 + Level 4.0 Armour
 + Level 3.8 Dodging


You had 6 spell levels left.
You didn't know any spells.
Your spell library was empty.

Dungeon Overview and Level Annotations

Branches:
Dungeon (5/15)
 Temple: D:4-7

Altars:
Elyvilon
Makhleb
Qazlal
Ru
Trog
Xom

Shops:
D:4 **   D:8 [


Innate Abilities, Weirdness & Mutations

You have a beak for a mouth.
You have claws for feet.
Your magical nature lets you fly swiftly and evasively.


Message History

You kill the sky beast!
Trog accepts your kill.
Your Armour skill increases to level 4!
Things that are here:
a +2 flail of freezing; a +0 robe; a black bear corpse You feel a strong urge to attack something.
Things that are here:
a +2 flail of freezing; a +0 robe; a black bear corpse
s - a +2 flail of freezing You feel your anger nearly subside.
You are no longer berserk.
You are exhausted.
You feel yourself slow down.
You start resting.
A wight is nearby!
You hit the wight but do no damage. Your kick misses the wight.
The wight hits you with a +4 great sword!
You feel drained.
You closely miss the wight. You claw the wight. You peck the wight.
The wight is moderately damaged.
The wight closely misses you.
The wight hits you with a +4 great sword.
You hit the wight but do no damage. You claw the wight.
You peck the wight, but do no damage.
The wight is heavily damaged.
The wight misses you.
You barely miss the wight. Your kick misses the wight.
The wight is heavily damaged.
The wight closely misses you. The wight barely misses you.
You hit the wight but do no damage. Your kick misses the wight.
You peck the wight.
The wight is severely damaged.
The wight closely misses you.
Unknown command.
You barely miss the wight. You claw the wight, but do no damage.
The wight is severely damaged.
The wight hits you with a +4 great sword!!
Ouch! That really hurt!
* * * LOW HITPOINT WARNING * * *
You feel drained.
You die...

#.......# #..[..# #.......#
#.....# #...Y...+ #####.#
#.......# #####+#### #.#
#.....Yz# #....(...###.#
#.#####.# #......).+...#
#.#####.# #........##..#
#.......###.......)##..#
#.......zz@......))....#
#.....##########.##........
+..##.....## #.##.#######
## #####..### #.##..
##...###.##### ###.....##
#######..#####
#............#
#..........#.###


You could see 2 wights.

Vanquished Creatures
  A black bear (D:8)
  A sky beast (D:8)
  A kobold brigand (D:8)
  A scorpion (D:5)
  A wight (D:8)
  An orc priest (D:8)
  An iguana (D:4)
  An orc wizard (D:3)
  2 adders
  A dart slug (D:1)
  7 orcs
  11 bats
  7 endoplasms
  4 giant cockroaches
  13 goblins
  7 hobgoblins
  7 jackals (D:2)
  9 kobolds
  3 quokkas
  10 ball pythons
  7 frilled lizards
  10 rats
106 creatures vanquished.

Notes
Turn   | Place    | Note
-------+----------+-------------------------------------------
     0 | D:1      | hikkokomori the Tengu Berserker began the quest for the
                  | Orb.
     0 | D:1      | Reached XP level 1. HP: 14/14 MP: 2/2
   159 | D:1      | Reached XP level 2. HP: 14/19 MP: 3/3
   464 | D:1      | Reached XP level 3. HP: 23/23 MP: 4/4
   903 | D:1      | Reached ** piety under Trog
  1411 | D:2      | Found a faded altar of an unknown god.
  1602 | D:2      | Reached XP level 4. HP: 29/29 MP: 5/5
  2200 | D:3      | Found a shimmering altar of Xom.
  2226 | D:3      | Gained mutation: Your magical nature lets you fly swiftly
                  | and evasively. [Tengu growth]
  2226 | D:3      | Reached XP level 5. HP: 31/33 MP: 6/6
  2297 | D:3      | Reached *** piety under Trog
  2636 | D:4      | Found a burning altar of Makhleb.
  2746 | D:4      | Found Fefe's General Store.
  2747 | D:4      | Found Kuocwai's Specific Store.
  2794 | D:4      | Found a white marble altar of Elyvilon.
  2815 | D:4      | Found a bloodstained altar of Trog.
  2913 | D:4      | Found a stormy altar of Qazlal.
  2922 | D:4      | Found a sacrificial altar of Ru.
  3313 | D:5      | Entered Level 5 of the Dungeon
  3321 | D:5      | Reached skill level 5 in Axes
  3321 | D:5      | Reached XP level 6. HP: 23/39 MP: 7/7
  3413 | D:5      | You are sucked into a shaft and drop 3 floors!
  3572 | D:8      | Found Ikeradda's Armour Boutique.
  3679 | D:8      | Noticed a sky beast
  3680 | D:8      | Noticed a black bear
  3696 | D:8      | Killed a black bear
  3697 | D:8      | Reached skill level 5 in Fighting
  3697 | D:8      | Reached XP level 7. HP: 44/44 MP: 8/8
  3719 | D:8      | HP: 2/42 [wight/+4 great sword (21)]
  3719 | D:8      | Slain by a wight

Illustrated notes

Levels and vault maps discovered:
D:1:      kennysheep_arrival_seaside, layout_basic
D:2:      layout_loops_ring, basic_ecumenical_altar
D:3:      layout_basic, xom_teletrap_fun
D:4:      layout_basic, lemuel_doored_altar, elyvilon_altar_5,
          trog_hazing_becter, nicolae_overflow_hidden_temple,
          nicolae_ru_sacrificial_ziggurat, nicolae_specific_store
D:5:      layout_loops_ring, minmay_temple_entry_poolview
D:8:      layout_basic, serial_shops, kennysheep_mini_moat

Skill      XL: |  1  2  3  4  5  6  7 |
---------------+----------------------+-----
Axes           | 4 5 |  5.8
Fighting       | 4 5 |  5.3
Armour         | 3 4 |  4.0
Dodging        | 3 |  3.8

Action                   |  1- 3 |  4- 6 |  7- 9 || total
-------------------------+-------+-------+-------++-------
Melee: Hand axe          |   106 |    99 |     9 ||   214
       Kick              |    14 |    28 |     5 ||    47
       Peck              |    11 |    12 |     3 ||    26
       Punch             |     1 |     1 |       ||     2
Invok: Berserk           |       |     1 |       ||     1
  Use: Scroll            |     3 |     7 |       ||    10
 Stab: Sleeping          |     2 |     1 |       ||     3
Armor: Animal skin       |    16 |       |       ||    16
       Leather armour    |    16 |    16 |       ||    32
Dodge: Dodged            |    71 |    49 |     5 ||   125

Table legend: (Time is in decaauts)
 A = Elapsed time spent in this place.
 B = Non-inter-level travel time spent in this place.
 C = Inter-level travel time spent in this place.
 D = Time resting spent in this place.
 E = Time spent auto-exploring this place.
 F = Levels seen in this place.
 G = Mean time per level.
                   A        B        C        D        E       F      G
               +--------+--------+--------+--------+--------+-----+--------+
         Total |   3640 |   3532 |    108 |    198 |   2768 |   6 |  606.7 |
       Dungeon |   3640 |   3532 |    108 |    198 |   2768 |   6 |  606.7 |
               +--------+--------+--------+--------+--------+-----+--------+

Top non-repeatable levels by time:
     D:1: 1200 daAuts
     D:4: 774 daAuts
     D:2: 702 daAuts
     D:3: 569 daAuts
     D:8: 294 daAuts
     D:5: 98 daAuts
